 Dungeon Crawl Stone Soup version 0.18.1-50-g88ac8fd (webtiles) character file.

44 Nordron the Changer (level 3, -3/31 HPs)
             Began as a Naga Transmuter on Sept 30, 2016.
             Slain by a worm (8 damage)
             ... on level 1 of the Dungeon.
             The game lasted 00:03:58 (1172 turns).

Nordron the Changer (Naga Transmuter)               Turns: 1172, Time: 00:03:59

Health: -3/31      AC:  2    Str: 12    XL:     3   Next: 62%
Magic:  5/6        EV: 10    Int: 13    God:
Gold:   142        SH:  0    Dex: 12    Spells: 1 memorised, 5 levels left

rFire  . . .     SeeInvis +     f - +0 spear
rCold  . . .     Gourm    .     b - +0 robe
rNeg   . . .     Faith    .     (no shield)
rPois  +         Spirit   .     (no helmet)
rElec  .         Dismiss  .     (no cloak)
rCorr  .         Reflect  .     (no gloves)
SustAt .         Harm     .     (no barding)
MR     .....                    (no amulet)
Stlth  +.........               (no ring)
                                (no ring)

@: short of breath, appendage (expiring), very slow, not resistant to hostile
enchantments, very unstealthy
A: horns 2, see invisible, deformed body, poison resistance, slowness 2, slow
metabolism 1, spit poison 2, AC +1
a: Spit Poison, End Transformation


You were on level 1 of the Dungeon.
You were very hungry.
You had grown temporary horns.
You visited 1 branch of the dungeon, and saw 1 of its levels.

You collected 142 gold pieces.

Inventory:

Hand Weapons
 f - a +0 spear (weapon)
Missiles
 a - 12 arrows
Armour
 b - a +0 robe (worn)
Scrolls
 e - a scroll of blinking {unknown}
Books
 c - a book of Changes

   Spells                             Type                      Level
   a - Beastly Appendage              Transmutation                1
   b - Sticks to Snakes               Transmutation                2
   c - Spider Form                    Transmutation/Poison         3
   d - Ice Form                       Ice/Transmutation            4
   e - Blade Hands                    Transmutation                5
Comestibles
 d - 2 bread rations


   Skills:
 - Level 1.0 Fighting
 - Level 1.5 Dodging
 - Level 3.0 Unarmed Combat
 - Level 2.0 Spellcasting
 * Level 3.9 Transmutations


You had 5 spell levels left.
You knew the following spells:

 Your Spells              Type           Power        Failure   Level  Hunger
a - Beastly Appendage     Trmt           ##....       8%          1    ##.....


Dungeon Overview and Level Annotations

Branches:
Dungeon (1/15)

Altars:


Innate Abilities, Weirdness & Mutations

You cannot wear boots.
Your serpentine skin is tough (AC +1).
You have supernaturally acute eyesight.
Armour fits poorly on your strangely shaped body.
Your system is resistant to poisons.
You cover ground very slowly.
You have a slow metabolism.
You can spit poison.
You have a pair of horns on your head.


Message History

* * * LOW HITPOINT WARNING * * *
You hit the ooze. You headbutt the ooze.
You kill the ooze!
You closely miss the rat. You headbutt the rat.
You kill the rat!
You hit the rat.
You kill the rat!
You have got your breath back.
Press: ? - help, Shift-Dir - straight line, f - worm
Aim: a worm You fail to use your ability.
Press: ? - help, Shift-Dir - straight line, f/p - worm
Aim: a worm The splash of poison hits the worm.
The worm is poisoned.
The worm is lightly wounded.
You feel slightly more hungry. The worm misses you.
You hit the worm but do no damage.
The worm is lightly wounded.
The worm bites you!
You die...

......# ######## #. ###.### #####
#. ..#.#
################...#######
#.#.####.........................
#.#....#.###+#######'###..#######
#.####.#.#..⌠...>...⌠..#..# #.#
#...#......<......#..# #.#
#...'⌠....###....)'..# #.#
#.#.#.....†@......#..# ..#
#.#.#######w#######..#
.#####...#.............#.##
....##...#.............#.#
.##.##...#.........(...#.#
....##.#.###############.#
....##.#.................#
....'..###################
....####


You could see a worm.

Vanquished Creatures
  4 oozes (D:1)
  2 giant geckos (D:1)
  2 bats (D:1)
  A giant cockroach (D:1)
  3 hobgoblins (D:1)
  A jackal (D:1)
  A ball python (D:1)
  A giant newt (D:1)
  5 goblins (D:1)
  7 rats (D:1)
  A fungus (D:1)
28 creatures vanquished.

Notes
Turn   | Place    | Note
--------------------------------------------------------------
     0 | D:1      | Nordron the Naga Transmuter began the quest for the Orb.
     0 | D:1      | Reached XP level 1. HP: 18/18 MP: 3/3
     1 | D:1      | Found a runed door.
   231 | D:1      | Reached XP level 2. HP: 17/25 MP: 5/5
  1151 | D:1      | Reached XP level 3. HP: 10/31 MP: 4/6
  1172 | D:1      | Slain by a worm

Skill      XL: |  1  2 |
---------------+-------+-----
Transmutations | 3 |  3.9
Fighting       | |  1.0
Dodging        | |  1.5
Unarmed Combat | |  3.0
Spellcasting   | |  2.0

Action                   || total
-------------------------++-------
Melee: Unarmed           ||    55
       Headbutt          ||    11
       Spear             ||    30
 Cast: Beastly Appendage ||    10
 Abil: Spit Poison       ||    11
Armor: Robe              ||     8
Dodge: Dodged            ||    40
